 Dungeon Crawl Stone Soup version 0.26.1-2-gb8aa6d0cf2 (webtiles) character file.

Game seed: 16817934914921966016

203 OdinFK the Purveyor of Pain (level 5, -10/26 HPs)
             Began as a Vine Stalker Necromancer on Mar 22, 2021.
             Was an Initiate of Kikubaaqudgha.
             Killed by divine providence
             ... invoked by an orc priest
              (11 damage)
             ... on level 3 of the Dungeon.
             The game lasted 00:14:51 (2713 turns).

OdinFK the Purveyor of Pain (VSNe)                  Turns: 2713, Time: 00:14:52

Health: -10/26     AC:  6    Str: 11    XL:     5   Next: 81%
Magic:  0/9        EV: 12    Int: 16    God:    Kikubaaqudgha [......]
Gold:   133        SH:  0    Dex: 14    Spells: 3/8 levels left

rFire    . . .     SeeInvis .   t - +4 dagger
rCold    . . .     Faith    .   (no shield)
rNeg     . . .     Spirit   +   a - +0 robe
rPois    .         Reflect  .   i - +2 helmet
rElec    .         Harm     .   (no cloak)
rCorr    .         Rampage  .   (no gloves)
Will     .....                  m - +0 pair of boots
Stlth    ++........             (no amulet)
HPRegen  0.48/turn              (no ring)
MPRegen  0.11/turn              (no ring)

@: no status effects
A: fangs 2, regeneration 1, magic shield, antimagic bite, no potion heal 3
a: Renounce Religion


You were on level 3 of the Dungeon.
You worshipped Kikubaaqudgha.
Kikubaaqudgha was noncommittal.
You visited 1 branch of the dungeon, and saw 3 of its levels.

You collected 133 gold pieces.

Inventory:

Hand Weapons
 t - a +4 dagger (weapon)
Missiles
 b - 26 poisoned darts (quivered)
Armour
 a - a +0 robe (worn)
 i - a +2 helmet (worn)
 m - a +0 pair of boots (worn)
Jewellery
 l - an uncursed ring of poison resistance {unknown}
Scrolls
 c - a scroll of immolation {unknown}
 e - a scroll of fear {unknown}
 h - 4 scrolls of noise {unknown}
 n - a scroll of random uselessness {unknown}
 o - a scroll of fog {unknown}
 r - 2 scrolls of identify {unknown}
 s - a scroll of teleportation {unknown}
Potions
 d - a potion of cancellation {unknown}
 f - 3 potions of attraction {unknown}
 g - a potion of ambrosia {unknown}
 j - a potion of curing {unknown}
 p - a potion of brilliance {unknown}
 q - a potion of flight {unknown}


   Skills:
 - Level 2.0 Fighting
 - Level 1.0 Throwing
 - Level 2.0 Dodging
 - Level 3.0 Stealth
 - Level 2.1 Spellcasting
 + Level 5.9 Necromancy


You had 3 spell levels left.
You knew the following spells:

 Your Spells              Type           Power        Failure   Level
a - Pain                  Necr           80%          1%          1
b - Vampiric Draining     Necr           10%          5%          3
c - Animate Skeleton      Necr           40%          1%          1

Your spell library contained the following spells:

 Spells                   Type           Power        Failure   Level
 Animate Dead             Necr           10%          19%         4
 Agony                    Necr           20%          45%         5


Dungeon Overview and Level Annotations

Branches:
Dungeon (3/15)

Altars:
Fedhas
Kikubaaqudgha
Sif Muna
Vehumet

Annotations:
D:2 Sigmund
D:3 1 runed translucent door, Crazy Yiuf


Innate Abilities, Weirdness & Mutations

You have extremely sharp teeth.
Your natural rate of healing is unusually fast.
When hurt, damage is shared between your health and your magic reserves.
Your bite disrupts and absorbs the magic of your enemies.
Potions cannot restore your health.


Message History

Beogh smites you!
You hit the orc priest.
You bite the orc priest, but do no damage.
The orc priest is moderately wounded.
The orc priest calls down the wrath of Beogh upon you.
Beogh smites you! The orc priest barely misses you.
The orc priest mumbles some strange prayers to Beogh against you.
Beogh smites you!
* * * LOW HITPOINT WARNING * * *
You hear a shout!
Casting: Pain (safe; 1% risk of failure)
Confirm with . or Enter, or press ? or * to list all spells.
Aiming: Pain (safe; 1% risk of failure)
Press: ? - help, Shift-Dir - straight line, f - orc priest
Aim: an orc priest, wielding a +0 short sword and wearing a +0 leather armour (moderately wounded, chance to affect: 80%)
The orc priest writhes in agony.
The orc priest invokes the aid of Beogh against you.
Beogh smites you!
You die...
Kikubaaqudgha rasps: "You have failed me!
Welcome... death!"

###################
#..................
##.################
#.# #@# #.# #o#
#B....(.# ######
#######o# ......
#####


You could see an orc priest and a giant cockroach.

Vanquished Creatures
  Jessica (D:1)
  Ijyb (D:3)
  Terence (D:2)
  7 adders
  2 worms
  A dart slug (D:1)
  2 leopard geckos (D:3)
  An orc (D:3)
  3 ball pythons
  A giant cockroach (D:1)
  6 hobgoblins
  2 jackals (D:1)
  5 kobolds
  3 quokkas (D:3)
  9 bats
  5 frilled lizards
  4 goblins
  4 rats
58 creatures vanquished.

Vanquished Creatures (others)
  A plant (D:2)
  A withered plant (D:2)
2 creatures vanquished.

Grand Total: 60 creatures vanquished

Notes
Turn   | Place    | Note
-------+----------+-------------------------------------------
     0 | D:1      | OdinFK the Vine Stalker Necromancer began the quest for the
                  | Orb.
     0 | D:1      | Reached XP level 1. HP: 9/9 MP: 4/4
     0 | D:1      | Noticed a naga
     1 | D:1      | Noticed an elf
     1 | D:1      | Noticed an octopode
     3 | D:1      | Noticed a formicid
     5 | D:1      | Noticed a troll
     7 | D:1      | Noticed a troll
     8 | D:1      | Noticed a formicid
    10 | D:1      | Noticed a felid
    10 | D:1      | Noticed a troll
    12 | D:1      | Noticed a minotaur
    12 | D:1      | Noticed an elf
    14 | D:1      | Noticed a troll
    14 | D:1      | Noticed a dwarf
    18 | D:1      | Noticed an ogre
    20 | D:1      | Noticed a vine stalker
   581 | D:2      | Reached XP level 2. HP: 6/14 MP: 1/6
   999 | D:2      | Noticed Terence
  1030 | D:1      | Reached XP level 3. HP: 10/17 MP: 5/7
  1032 | D:1      | Reached skill level 1 in Fighting
  1296 | D:2      | Noticed Sigmund
  1296 | D:2      | Noticed Jessica
  1303 | D:1      | Killed Jessica
  1304 | D:1      | Gained mutation: Your natural rate of healing is unusually
                  | fast. [Vine Stalker growth]
  1304 | D:1      | Reached XP level 4. HP: 12/23 MP: 0/8
  1349 | D:1      | Learned a level 3 spell: Vampiric Draining
  1553 | D:2      | Found a blossoming altar of Fedhas.
  1553 | D:2      | Found an ancient bone altar of Kikubaaqudgha.
  1593 | D:2      | Killed Terence
  1594 | D:2      | Reached skill level 5 in Necromancy
  1594 | D:2      | Reached XP level 5. HP: 26/26 MP: 4/9
  1634 | D:2      | Became a worshipper of Kikubaaqudgha
  1850 | D:3      | Found a radiant altar of Vehumet.
  1858 | D:3      | Learned a level 1 spell: Animate Skeleton
  2090 | D:3      | Found a runed translucent door.
  2091 | D:3      | Noticed Crazy Yiuf
  2214 | D:3      | Noticed Ijyb
  2470 | D:3      | Killed Ijyb
  2471 | D:3      | Reached skill level 1 in Throwing
  2646 | D:3      | Found a shimmering blue altar of Sif Muna.
  2712 | D:3      | HP: 1/26 [orc priest/divine providence (9)]
  2713 | D:3      | Killed from afar by an orc priest

Illustrated notes

Levels and vault maps discovered:
D:1:      shiori_arrival_whats_in_store_for_you, layout_loops_ring
D:2:      layout_basic, grunt_temple_overflow_growth_and_decay, uniq_sigmund,
          uniq_terence, uniq_jessica
D:3:      layout_basic, old_standard_altar, tgw_sif, uniq_ijyb,
          uniq_crazy_yiuf_cottage

Skill      XL: |  1  2  3  4  5 |
---------------+----------------+-----
Stealth        | 3 |  3.0
Dodging        | 2 |  2.0
Fighting       | 1 2 |  2.0
Necromancy     | 5 |  5.9
Throwing       | 1 |  1.0
Spellcasting   | |  2.1

Action                   |  1- 3 |  4- 6 || total
-------------------------+-------+-------++-------
Melee: Club              |    11 |    14 ||    25
       Bite              |     1 |    12 ||    13
       Dagger            |       |    46 ||    46
Throw: Dart              |       |    10 ||    10
 Cast: Pain              |    41 |    72 ||   113
       Animate Skeleton  |       |     1 ||     1
       Vampiric Draining |       |     1 ||     1
 Stab: Sleeping          |     3 |     3 ||     6
Armor: Robe              |     8 |    34 ||    42
Dodge: Dodged            |    18 |    74 ||    92
